 Dungeon Crawl Stone Soup version 0.15-a0-1206-g3bad1a6 (webtiles) character file.

1257 MrVile the Martial Artist (level 8, -5/36 HPs)
             Began as a Vine Stalker Necromancer on June 1, 2014.
             Slain by a troll (12 damage)
             ... on Level 6 of the Dungeon.
             The game lasted 00:46:51 (3804 turns).

MrVile the Martial Artist (VSNe)                    Turns: 3804, Time: 00:46:51

HP  -5/36        AC  7     Str 10      XL: 8   Next: 51%
MP   0/16        EV  9     Int 15      God:
Gold 373         SH  0     Dex 16 (18) Spells:  3 memorised,  4 levels left

rFire  . . .     SeeInvis .       - Unarmed
rCold  . . .     Clarity  .     v - +0 ring mail
rNeg   . . .     rCorr    .     (no shield)
rPois  .         rRot     +     (no helmet)
rElec  .         Spirit   +     y - +0 cloak
SustAb .         Warding  .     (no gloves)
rMut   .         Stasis   .     (no boots)
Gourm  .                        (no amulet)
MR     +....                    (no ring)
                                (no ring)

@: very slightly contaminated, somewhat resistant to hostile enchantments,
unstealthy
A: fangs 3, regeneration 2, magic shield, antimagic bite, no device heal 3, rot
immunity
a: no special abilities


You were on level 6 of the Dungeon.
You were not hungry.

You visited 1 branch of the dungeon, and saw 6 of its levels.

You collected 373 gold pieces.

Inventory:

Hand weapons
 l - a +0,+0 dagger
 q - a +2,+2 short sword of draining
 x - a +3,+2 quarterstaff of chaos
 C - a cursed +0,-1 short sword
 D - a +1,+2 scythe of slicing
Missiles
 A - 57 poisoned needles
Armour
 a - a +0 robe
 t - a +0 leather armour
 v - a +0 ring mail (worn)
 w - a +0 animal skin
 y - a +0 cloak (worn)
 F - a +0 chain mail
Magical devices
 B - a wand of enslavement (6)
 E - a wand of random effects (10) {unknown}
Comestibles
 c - 3 bread rations
 r - 3 beef jerkies
 u - a slice of pizza
Scrolls
 e - 4 scrolls of remove curse
 g - a scroll of fog
 i - 4 scrolls of teleportation
 k - 2 scrolls of magic mapping
 m - a scroll of noise
 o - 2 scrolls of enchant armour
 p - a scroll of amnesia
 z - a scroll of random uselessness
Potions
 d - a potion of magic
 f - 2 potions of curing
 h - 2 potions of restore abilities
 j - a potion of cure mutation {unknown}
 n - 3 potions of heal wounds {unknown}
 s - a potion of haste {unknown}
 G - 2 potions of resistance {unknown}
Books
 b - a book of Necromancy

   Spells                             Type                      Level
   *Pain                              Necromancy                   1
   Animate Skeleton                   Necromancy                   1
   *Vampiric Draining                 Necromancy                   3
   *Regeneration                      Charms/Necromancy            3
   Animate Dead                       Necromancy                   4
   Control Undead                     Necromancy                   4


   Skills:
 + Level 4.0 Armour
 - Level 1.5 Dodging
 - Level 2.4 Stealth
 * Level 8.0 Unarmed Combat
 - Level 2.1 Spellcasting
 - Level 5.0 Necromancy


You had 4 spell levels left.
You knew the following spells:

 Your Spells              Type           Power        Failure   Level  Hunger
a - Pain                  Necr           ###.         4%          1    #......
b - Vampiric Draining     Necr           ###.......   14%         3    ####...
c - Regeneration          Chrm/Necr      #.........   38%         3    ####...


Dungeon Overview and Level Annotations

Branches:
Dungeon (6/15)
 Temple: D:4-7

Altars:
Gozag
Makhleb
Nemelex Xobeh
Trog
Vehumet
Yredelemnul
Zin


Innate Abilities, Weirdness & Mutations

You have razor-sharp teeth.
You heal very quickly.
When hurt, damage is shared between your health and your magic reserves.
Your bite disrupts and absorbs the magic of your enemies.
Potions and wands cannot restore your health.
You are immune to rotting.


Message History

The troll claws you! The troll claws you.
Casting: Vampiric Draining
Confirm with . or Enter, or press ? or * to list all spells.
You don't have enough magic to cast that spell.
You closely miss the troll. You bite the troll, but do no damage.
The troll is moderately wounded.
The troll barely misses you. The troll claws you.
* * * LOW HITPOINT WARNING * * *
The troll closely misses you.
Zapping:
B - a wand of enslavement {zapped: 1}
Press: ? - help, Shift-Dir - straight line, f/p - troll
Aim: a troll (moderately wounded)
The troll resists.
The troll barely misses you. The troll barely misses you.
The troll claws you but does no damage.
Evoke which item? (* to show all) (? for menu, Esc to quit)
Zapping:
B - a wand of enslavement {zapped: 2}
Press: ? - help, Shift-Dir - straight line, f/p - troll
Aim: a troll (moderately wounded)
The troll resists.
The troll bites you!
You die...

# . #.# #. # #.
#.##########. #.T
#............ ###..
#.##########. ...... #.#
#. ......#######.# #.
....?..........# #.
........T......##########.
.......%.@................
#########################


You could see a troll.

Vanquished Creatures
  2 ice beasts (D:5)
  A centaur (D:5)
  A phantom (D:5)
  An ogre (D:4)
  2 scorpions
  A crimson imp (D:5)
  5 hounds
  A quasit (D:5)
  An orc priest (D:3)
  Crazy Yiuf (D:3)
  An iguana (D:5)
  7 worker ants
  2 orc wizards
  Jessica (D:3)
  4 adders
  2 shadow imps (D:5)
  3 giant mites (D:2)
  A worm (D:2)
  An orc skeleton (D:5)
  A giant gecko (D:1)
  16 orcs
  A ball python (D:2)
  8 bats
  16 hobgoblins
  4 jackals (D:2)
  9 kobolds
  4 quokkas
  4 giant cockroaches
  8 giant newts
  14 goblins
  2 hobgoblin skeletons
  9 rats
  A rat skeleton (D:4)
135 creatures vanquished.

Notes
Turn   | Place    | Note
--------------------------------------------------------------
     0 | D:1      | MrVile, the Vine Stalker Necromancer, began the quest for the Orb.
     0 | D:1      | Reached XP level 1. HP: 9/9 MP: 3/3
    70 | D:1      | Reached skill level 1 in Unarmed Combat
   100 | D:1      | Reached XP level 2. HP: 8/13 MP: 3/5
   463 | D:2      | Reached XP level 3. HP: 9/16 MP: 5/7
   522 | D:2      | Learned a level 3 spell: Vampiric Draining
   706 | D:2      | Found a sparkling altar of Nemelex Xobeh.
   760 | D:2      | Reached XP level 4. HP: 21/21 MP: 6/8
  1302 | D:3      | Found a basalt altar of Yredelemnul.
  1307 | D:3      | Noticed Jessica
  1317 | D:3      | Killed Jessica
  1317 | D:3      | Reached skill level 5 in Necromancy
  1317 | D:3      | Reached XP level 5. HP: 22/24 MP: 9/11
  1719 | D:3      | Noticed Crazy Yiuf
  1727 | D:3      | Killed Crazy Yiuf
  1834 | D:3      | Reached skill level 1 in Armour
  1839 | D:3      | Gained mutation: You heal very quickly. [vine stalker growth]
  1839 | D:3      | Reached XP level 6. HP: 24/28 MP: 12/12
  2104 | D:4      | Reached skill level 5 in Unarmed Combat
  2421 | D:4      | Found a bloodstained altar of Trog.
  2453 | D:4      | Reached XP level 7. HP: 27/32 MP: 12/14
  2567 | D:4      | Found a radiant altar of Vehumet.
  2575 | D:4      | Found a glowing silver altar of Zin.
  2579 | D:4      | Found a burning altar of Makhleb.
  2636 | D:4      | Learned a level 3 spell: Regeneration
  2648 | D:4      | Found a bloodstained altar of Trog.
  2768 | D:4      | Found an opulent altar of Gozag.
  2768 | D:4      | Found a sparkling altar of Nemelex Xobeh.
  2983 | D:5      | Entered Level 5 of the Dungeon
  2993 | D:5      | Reached skill level 6 in Unarmed Combat
  3112 | D:5      | Reached skill level 7 in Unarmed Combat
  3112 | D:5      | Gained mutation: You have razor-sharp teeth. [vine stalker growth]
  3112 | D:5      | Reached XP level 8. HP: 18/36 MP: 3/16
  3791 | D:6      | Noticed a troll
  3795 | D:6      | Reached skill level 8 in Unarmed Combat
  3804 | D:6      | Slain by a troll

Action                   |  1- 3 |  4- 6 |  7- 9 || total
-------------------------+-------+-------+-------++-------
Melee: Unarmed           |   108 |    46 |   207 ||   361
       Short sword       |    14 |   117 |       ||   131
 Cast: Pain              |       |    16 |     5 ||    21
       Vampiric Draining |       |     1 |     6 ||     7
Evoke: Wand              |       |       |     3 ||     3
  Use: Scroll            |       |     7 |     3 ||    10
       Potion            |       |     1 |       ||     1
 Stab: Sleeping          |     2 |     2 |     1 ||     5
       Distracted        |     1 |       |       ||     1
